 Dungeon Crawl Stone Soup version 0.18.1-48-g4cf74bf (webtiles) character file.

86 atgrul the Digger (level 4, -3/24 HPs)
             Began as a Gargoyle Earth Elementalist on July 4, 2016.
             Slain by Crazy Yiuf
             ... wielding a +2 quarterstaff of chaos
              (7 damage)
             ... on level 2 of the Dungeon.
             The game lasted 00:09:01 (2342 turns).

atgrul the Digger (Gargoyle Earth Elementalist)     Turns: 2342, Time: 00:09:02

Health: -3/24      AC:  5    Str: 12    XL:     4   Next: 50%
Magic:  8/8        EV: 12    Int: 16    God:
Gold:   130        SH:  0    Dex: 10    Spells: 1 memorised, 8 levels left

rFire  . . .     SeeInvis .     k - +3 dagger
rCold  . . .     Gourm    .     a - +0 robe
rNeg   + . .     Faith    .     (no shield)
rPois  ∞         Spirit   .     (no helmet)
rElec  +         Dismiss  .     (no cloak)
rCorr  .         Reflect  .     (no gloves)
SustAt .         Harm     .     (no boots)
MR     .....                    (no amulet)
Stlth  ++........               (no ring)
                                (no ring)

@: slowed, very slow, not resistant to hostile enchantments, unstealthy
A: negative energy resistance 1, electricity resistance, unbreathing,
petrification resistance, rot immunity, AC +3
a: no special abilities


You were on level 2 of the Dungeon.
You were not hungry.

You visited 1 branch of the dungeon, and saw 2 of its levels.

You collected 130 gold pieces.

Inventory:

Hand Weapons
 f - a +0 dagger
 k - a +3 dagger (weapon)
 r - a +0 dagger
Missiles
 b - 158 stones (quivered)
Armour
 a - a +0 robe (worn)
Jewellery
 x - an uncursed amulet of magic regeneration {unknown}
 y - an uncursed amulet of regeneration {unknown}
Scrolls
 g - a scroll of blinking {unknown}
 i - a scroll of enchant weapon {unknown}
 l - 4 scrolls of identify {unknown}
 m - a scroll of recharging {unknown}
 p - a scroll of immolation {unknown}
 q - a scroll of enchant armour {unknown}
 w - a scroll of remove curse {unknown}
 A - a scroll of fear {unknown}
Potions
 e - 4 potions of curing {unknown}
 h - 2 potions of heal wounds {unknown}
 n - a potion of flight {unknown}
 s - a potion of brilliance {unknown}
 t - a potion of degeneration {unknown}
 v - 2 potions of might {unknown}
Books
 c - a book of Geomancy

   Spells                             Type                      Level
   a - Sandblast                      Earth                        1
   b - Passwall                       Transmutation/Earth          2
   c - Stone Arrow                    Conjuration/Earth            3
   d - Petrify                        Transmutation/Earth          4
   e - Lee's Rapid Deconstruction     Earth                        5
Comestibles
 d - a bread ration
 j - a slice of pizza
 o - a beef jerky
 u - a meat ration


   Skills:
 - Level 0.1 Short Blades
 - Level 1.7 Dodging
 - Level 2.7 Stealth
 + Level 3.1 Spellcasting
   Level 0.7 Transmutations
 * Level 4.8 Earth Magic


You had 8 spell levels left.
You knew the following spells:

 Your Spells              Type           Power        Failure   Level  Hunger
a - Sandblast             Erth           ###...       2%          1    None


Dungeon Overview and Level Annotations

Branches:
Dungeon (2/15)

Altars:
Dithmenos
Xom
Yredelemnul

Annotations:
D:2 Crazy Yiuf


Innate Abilities, Weirdness & Mutations

You are resistant to torment.
Your stone body is resilient (AC +3).
You are immune to poison.
You resist negative energy.
You are resistant to electric shocks.
You can survive without breathing.
You are immune to petrification.
You are immune to rotting.


Message History

There is a stone staircase leading up here.
You can't go down here!
Crazy Yiuf hits you but does no damage.
You climb upwards.
There is a stone staircase leading down here.
Crazy Yiuf hits you with a quarterstaff of chaos!
* * * LOW HITPOINT WARNING * * *
You feel yourself slow down.
There is a stone staircase leading down here.
You can't go up here!
Crazy Yiuf says, "Nubble arm blue!"
Crazy Yiuf closely misses you.
You climb downwards.
There is a stone staircase leading up here.
Crazy Yiuf whimpers, "Whippet!"
Crazy Yiuf hits you with a quarterstaff of chaos.
* * * LOW HITPOINT WARNING * * *
Crazy Yiuf misses you.
Crazy Yiuf hits you with a quarterstaff of chaos!
You die...

##.## ##...###.######
#.######.....##.##....
#.............#.##.###
##########
#..#####.....##.##.#
.........###÷.#
###<..###.##.#
..............#
#.......#.##.#
########.####.#
#.#####.#.##.# #.#
#.####.# #.#.##.###
#.# #...@g.#
#.........
#.####.####.#
#.######## #..#...#
#.#####.######## ##
##.#.#.#
#............... .#
##.....##
################ .#
#..###..# ##### .#
##.##.##.# ##...## .#
#..#...#.## ##.<...##
.#
#...###...###.......#


You could see Crazy Yiuf.

Vanquished Creatures
  2 adders (D:2)
  An ooze (D:1)
  2 dart slugs (D:1)
  2 giant geckos (D:1)
  4 giant cockroaches
  9 goblins
  7 hobgoblins
  9 kobolds
  A quokka (D:2)
  8 bats
  2 giant newts (D:1)
  7 rats
54 creatures vanquished.

Notes
Turn   | Place    | Note
--------------------------------------------------------------
     0 | D:1      | atgrul the Gargoyle Earth Elementalist began the quest for the Orb.
     0 | D:1      | Reached XP level 1. HP: 10/10 MP: 3/3
   266 | D:1      | Reached XP level 2. HP: 15/15 MP: 1/5
   591 | D:1      | Reached skill level 4 in Earth Magic
   703 | D:1      | Reached XP level 3. HP: 19/19 MP: 3/6
  1276 | D:2      | Reached XP level 4. HP: 16/24 MP: 3/8
  1404 | D:2      | Noticed Crazy Yiuf
  1582 | D:2      | Found a shimmering altar of Xom.
  1635 | D:2      | Found a shadowy altar of Dithmenos.
  1635 | D:2      | Found a basalt altar of Yredelemnul.
  2342 | D:2      | Slain by Crazy Yiuf

Skill      XL: |  1  2  3  4 |
---------------+-------------+-----
Earth Magic    | 4 |  4.8
Spellcasting   | 3 |  3.1
Short Blades   | |  0.1
Dodging        | |  1.7
Stealth        | |  2.7
Transmutations | |  0.7

Action                   |  1- 3 |  4- 6 || total
-------------------------+-------+-------++-------
Melee: Unarmed           |    23 |       ||    23
       Dagger            |    62 |    50 ||   112
 Cast: Sandblast         |    48 |    23 ||    71
 Stab: Sleeping          |     1 |     1 ||     2
  Eat: Chunk             |     1 |     4 ||     5
Armor: Robe              |    46 |    26 ||    72
Dodge: Dodged            |    76 |    38 ||   114
